 Dungeon Crawl Stone Soup version 0.30-a0-374-g95c0257040 (webtiles) character file.

Game seed: 11777161826911490159

12457 Conn the Arsonist (level 11, -1/64 HPs)
             Began as an Octopode Fire Elementalist on Nov 26, 2022.
             Was a Believer of Sif Muna.
             Slain by a cane toad (18 damage)
             ... on level 2 of the Lair of Beasts.
             The game lasted 00:41:57 (9507 turns).

Conn the Arsonist (Octopode Fire Elementalist)      Turns: 9507, Time: 00:41:58

Health: -1/64      AC:  1    Str: 15    XL:     11   Next: 93%
Magic:  26/43      EV: 22    Int: 27    God:    Sif Muna [**....]
Gold:   245        SH:  0    Dex: 13    Spells: 3/30 levels left

rFire   + . .      SeeInvis .    r - +2 scythe (protect)
rCold   x . .      Faith    .    (shield currently unavailable)
rNeg    . . .      Spirit   .    (helmet restricted)
rPois   +          Reflect  .    i - amulet of magic regeneration
rElec   .          Harm     .    S - ring of magical power
rCorr   .          Rampage  .    h - +4 ring of evasion
Will    +....                    p - ring "Xaybliolo" {+Blink MP+9 Str+7}
Stlth   ++++......               u - ring of willpower
HPRegen 0.30/turn                v - ring of poison resistance
MPRegen 0.68/turn                U - ring of fire
                                 y - +4 ring of evasion
                                 F - +6 ring of intelligence

@: no status effects
A: almost no armour, amphibious, 8 rings, camouflage 1, gelatinous body 1,
(nimble swimmer 1), tentacles
a: Renounce Religion, Evoke Blink, Channel Magic


You were on level 2 of the Lair of Beasts.
You worshipped Sif Muna.
Sif Muna was pleased with you.
You visited 3 branches of the dungeon, and saw 12 of its levels.

You collected 695 gold pieces.
You spent 450 gold pieces at shops.

Inventory:

Hand Weapons
 f - a +0 short sword
 k - a +4 quarterstaff of chaos
 m - a +1 dagger of venom
 r - a +2 scythe of protection (weapon)
 L - a +0 vorpal longbow
 O - a +4 dagger of flaming
Missiles
 D - 2 throwing nets
 J - 2 curare-tipped darts
Jewellery
 b - a ring of flight
 h - a +4 ring of evasion (right tentacle)
 i - an amulet of magic regeneration (around mantle)
 p - the ring "Xaybliolo" (on tentacle) {+Blink MP+9 Str+7}
   (You bought it in a shop on level 2 of the Dungeon)

   [ring of magical power]

   Str:       It affects your strength (+7).
   MP:        It affects your magic capacity (+9).
   +Blink:    It lets you blink.
 u - a ring of willpower (on tentacle)
 v - a ring of poison resistance (on tentacle)
 y - a +4 ring of evasion (on tentacle)
 B - a ring of positive energy
 F - a +6 ring of intelligence (on tentacle)
 I - an amulet of reflection
 S - a ring of magical power (left tentacle)
 U - a ring of fire (on tentacle)
Wands
 G - a wand of mindburst (11)
 K - a wand of digging (4)
 V - a wand of flame (11)
Scrolls
 c - a scroll of teleportation
 d - a scroll of vulnerability
 e - a scroll of amnesia
 n - 2 scrolls of torment
 o - 4 scrolls of fog
 s - a scroll of immolation
 t - 4 scrolls of enchant armour
 x - a scroll of summoning
 H - a scroll of fear
 N - a scroll of blinking
 P - a scroll of enchant weapon
 Q - 2 scrolls of poison
 R - a scroll of identify
Potions
 a - 2 potions of magic
 g - 4 potions of curing
 j - 2 potions of attraction {unknown}
 l - 2 potions of mutation {unknown}
 q - a potion of invisibility
 w - 2 potions of berserk rage {unknown}
 z - a potion of brilliance {unknown}
 A - 3 potions of degeneration {unknown}
 C - 3 potions of might {unknown}
 E - 2 potions of heal wounds {unknown}
 M - a potion of flight {unknown}
 T - a potion of resistance {unknown}


   Skills:
 + Level 1.8 Fighting
 + Level 1.1 Short Blades
 + Level 2.7(2.8) Polearms
 + Level 0.8(1.9) Staves
 + Level 3.6 Dodging
 + Level 5.3 Stealth
 + Level 0.5 Unarmed Combat
 * Level 10.3 Spellcasting
 * Level 7.7 Conjurations
 + Level 2.5 Hexes
 * Level 2.3 Summonings
 * Level 2.4 Translocations
 + Level 10.4 Fire Magic
 * Level 3.0 Air Magic
 * Level 1.8 Invocations


You had 3 spell levels left.
You knew the following spells:

 Your Spells              Type           Power      Damage    Failure   Level
a - Foxfire               Conj/Fire      100%       2x1d9     1%          1
b - Kindle Blastsparks    Fire/Tloc/Air  100%       2d18      1%          3
c - Inner Flame           Hex/Fire       65%        N/A       1%          3
d - Flame Wave            Conj/Fire      76%        2d17      1%          4
e - Scorch                Fire           100%       2d10      1%          2
f - Ignite Poison         Fire/Tmut/Pois 49%        N/A       3%          3
g - Summon Guardian Gole  Hex/Summ       26%        N/A       4%          3
h - Stone Arrow           Conj/Erth      68%        3d11      2%          3
i - Fireball              Conj/Fire      38%        3d16      2%          5

Your spell library contained the following spells:

 Spells                   Type           Power      Damage    Failure   Level
 Summon Small Mammal      Summ           100%       N/A       1%          1
 Sandblast                Erth           26%        2d8       4%          1
 Call Canine Familiar     Summ           26%        N/A       4%          3
 Portal Projectile        Hex/Tloc       54%        N/A       4%          3
 Passwall                 Tmut/Erth      10%        N/A       6%          2
 Sticky Flame             Conj/Fire      76%        2d9       1%          4
 Cause Fear               Hex            13%        N/A       14%         4
 Starburst                Conj/Fire      38%        6d11      16%         6
 Freezing Cloud           Conj/Ice/Air   16%        6-21      26%         5
 Blade Hands              Tmut           6%         N/A       75%         5
 Iron Shot                Conj/Erth      17%        9d4       78%         6
 Discord                  Hex            13%        N/A       100%        8
 Animate Armour           Summ/Erth      Unusable   N/A       N/A         4

Dungeon Overview and Level Annotations

Branches:
Dungeon (9/15)             Temple (1/1) D:7            Lair (2/5) D:8
  Swamp: Lair:2-3    Shoals: Lair:2-3     Snake: Lair:2-3    Spider: Lair:2-3
    Orc: D:9-12

Altars:
Ashenzari
Cheibriados
Dithmenos
Fedhas
Gozag
Hepliaklqana
Kikubaaqudgha
Makhleb
Nemelex Xobeh
Okawaru
Qazlal
Ru
Sif Muna
Trog
Uskayaw
Vehumet
Wu Jian
Xom
Yredelemnul
Zin
The Shining One

Shops:
D:2 [*=*   D:3 [

Annotations:
D:5 Ijyb
Lair:2 1 transporter


Innate Abilities, Weirdness & Mutations

You cannot wear most types of armour.
You are amphibious.
You can wear up to eight rings at the same time.
Your skin changes colour to match your surroundings (Stealth+).
Your rubbery body absorbs attacks. (AC +1, EV +1)
((You are camouflaged when in or above water. (Stealth+)))
You have tentacles for arms and can constrict up to eight enemies at once.


Message History

The water moccasin closely misses you.
A wave of flame ripples out!
The flame wave engulfs the water moccasin!
You kill the water moccasin!
Sif Muna accepts your kill.
The flame wave engulfs the water moccasin!!
You kill the water moccasin!
Sif Muna accepts your kill.
Your Air Magic skill increases to level 3!
You start resting.
A cane toad is nearby!
Casting: Flame Wave (dangerous; 1% risk of failure)
Confirm with . or Enter, or press ? or * to list all spells.
You feel a surge of power!
You conjure some foxfire!
Unknown command.
Casting: Foxfire (safe; 1% risk of failure)
Confirm with . or Enter, or press ? or * to list all spells.
You feel a surge of power!
You conjure some foxfire!
The foxfire hits the cane toad.
The cane toad is lightly wounded.
Unknown command.
Casting: Foxfire (safe; 1% risk of failure)
Confirm with . or Enter, or press ? or * to list all spells.
You feel a surge of power!
You conjure some foxfire!
The foxfire hits the cane toad but does no damage.
The cane toad is lightly wounded.
The foxfire hits the cane toad.
The cane toad is lightly wounded.
The foxfire hits the cane toad.
The cane toad is moderately wounded.
Casting: Foxfire (safe; 1% risk of failure)
Confirm with . or Enter, or press ? or * to list all spells.
You feel a surge of power!
Flames lash the cane toad but do no damage.
The foxfire hits the cane toad.
The cane toad is moderately wounded.
The foxfire hits the cane toad.
The cane toad is moderately wounded.
The cane toad stings you!!
You die...

......../.....#.
................
..............#.
#...............
#©............#.
#...............
........§†......
.....††@§§......
#.......F§§.....
#...............
#...............
................
..........P.....
..........#.....
....##..#.......
... ... ....#..


You could see a cane toad.

Vanquished Creatures
  Erolcha (D:9)
  A catoblepas (Lair:2)
  Nergalle (Lair:1)
  An unseen horror (D:8)
  2 cane toads (Lair:1)
  Maggie (D:6)
  A komodo dragon (Lair:2)
  A troll (D:8)
  Prince Ribbit (D:6)
  Grinder (D:4)
  3 blink frogs (Lair:1)
  Sigmund (D:3)
  A shadow (D:9)
  A wyvern (D:9)
  10 yaks
  Grum (D:9)
  A steam dragon (D:5)
  Menkaure (D:6)
  Edmund (D:6)
  2 acid dragons (D:9)
  Duvessa (D:5)
  4 water moccasins
  3 ice beasts
  A sky beast (D:8)
  3 black bears
  An ogre (D:6)
  An orc warrior (D:5)
  7 wolves
  6 centaurs
  2 phantoms
  Blork the orc (D:4)
  3 kobold brigands
  5 bullfrogs
  3 scorpions
  3 necrophages
  Dowan (D:5)
  8 killer bees (D:9)
  A nameless horror (D:6)
  A howler monkey (D:7)
  An electric eel (D:8)
  5 hounds
  3 jellies
  6 orc priests
  Crazy Yiuf (D:2)
  Jessica (D:2)
  6 iguanas
  9 orc wizards
  Robin (D:4)
  7 gnolls
  5 adders
  5 white imps
  A worm (D:2)
  4 dart slugs
  20 orcs
  7 endoplasms
  A giant cockroach (D:2)
  12 goblins
  8 hobgoblins
  5 jackals
  3 quokkas
  8 ball pythons
  5 bats
  13 frilled lizards
  18 kobolds
  8 rats
251 creatures vanquished.

Vanquished Creatures (others)
  4 yaks (D:8)
  A howler monkey (D:7)
  An orc priest (D:7)
  A gnoll (D:7)
  A kobold (D:6)
  891 foxfires
  A fungus (Lair:2)
900 creatures vanquished.

Grand Total: 1151 creatures vanquished

Notes
Turn   | Place    | Note
-------+----------+-------------------------------------------
     0 | D:1      | Conn the Octopode Fire Elementalist began the quest for the
                  | Orb.
     0 | D:1      | Reached XP level 1. HP: 11/11 MP: 3/3
   281 | D:1      | Reached XP level 2. HP: 17/17 MP: 0/5
   557 | D:1      | Found a faded altar of an unknown god.
  1029 | D:1      | Reached XP level 3. HP: 21/21 MP: 3/6
  1497 | D:1      | Learned a level 2 spell: Scorch
  1501 | D:1      | Learned a level 3 spell: Inner Flame
  1530 | D:2      | Found Vorim's Jewellery Boutique.
  1540 | D:2      | Found Fyowaomp's Assorted Antiques.
  1540 | D:2      | Found Xorequtt's Assorted Antiques.
  1672 | D:2      | Found a runed translucent door.
  1673 | D:2      | Noticed Crazy Yiuf
  1679 | D:2      | Killed Crazy Yiuf
  1680 | D:2      | Reached XP level 4. HP: 27/27 MP: 3/7
  1750 | D:2      | Found Mughid's Antique Armour Boutique.
  1763 | D:2      | Noticed Jessica
  1768 | D:2      | Killed Jessica
  1907 | D:2      | Reached skill level 1 in Short Blades
  1907 | D:2      | Reached XP level 5. HP: 30/31 MP: 0/8
  2148 | D:2      | Bought a warped lead ring for 125 gold pieces
  2148 | D:2      | Identified the ring "Xaybliolo" {+Blink MP+9 Str+7} (You
                  | bought it in a shop on level 2 of the Dungeon)
  2178 | D:2      | Learned a level 3 spell: Kindle Blastsparks
  2233 | D:3      | Noticed Sigmund
  2242 | D:3      | Killed Sigmund
  2243 | D:3      | Reached XP level 6. HP: 36/36 MP: 10/10
  2681 | D:3      | Found Suniel's Armour Boutique.
  2896 | D:4      | Found a bloodstained altar of Trog.
  2965 | D:4      | Noticed Blork the orc
  2972 | D:4      | Killed Blork the orc
  2973 | D:4      | Reached XP level 7. HP: 42/42 MP: 12/12
  3027 | D:4      | Reached skill level 5 in Fire Magic
  3044 | D:4      | Reached skill level 1 in Polearms
  3353 | D:4      | Reached XP level 8. HP: 47/47 MP: 15/15
  3414 | D:4      | Noticed Grinder
  3419 | D:4      | Paralysed by Grinder for 5 turns
  3428 | D:4      | Killed Grinder
  3429 | D:4      | Reached skill level 5 in Spellcasting
  3468 | D:4      | Noticed Robin
  3475 | D:4      | Killed Robin
  3653 | D:5      | Entered Level 5 of the Dungeon
  3706 | D:5      | Reached skill level 1 in Fighting
  4065 | D:5      | Noticed Ijyb
  4069 | D:5      | Reached XP level 9. HP: 25/53 MP: 12/17
  4257 | D:4      | Learned a level 4 spell: Flame Wave
  4261 | D:4      | Learned a level 3 spell: Ignite Poison
  4665 | D:5      | Noticed Dowan
  4673 | D:5      | Noticed Duvessa
  4674 | D:5      | Killed Dowan
  4681 | D:5      | Killed Duvessa
  4840 | D:5      | Learned a level 3 spell: Summon Guardian Golem
  4893 | D:6      | Noticed Maggie
  4925 | D:6      | Noticed Prince Ribbit
  4934 | D:6      | Noticed Menkaure
  4937 | D:6      | Killed Prince Ribbit
  4938 | D:6      | Reached skill level 1 in Hexes
  4943 | D:6      | Killed Menkaure
  5040 | D:6      | Reached skill level 5 in Conjurations
  5367 | D:7      | Found a radiant altar of Vehumet.
  5406 | D:7      | Found a shadowy altar of Dithmenos.
  5597 | D:6      | Learned a level 3 spell: Stone Arrow
  5620 | D:6      | Noticed Edmund
  5621 | D:6      | Killed Maggie
  5622 | D:6      | Reached skill level 5 in Stealth
  5632 | D:6      | Killed Edmund
  5633 | D:6      | Reached XP level 10. HP: 47/59 MP: 9/21
  5826 | D:6      | Found a hide-covered altar of Uskayaw.
  6064 | D:6      | Found a sacrificial altar of Ru.
  6253 | D:7      | Found a staircase to the Ecumenical Temple.
  6272 | Temple   | Entered the Ecumenical Temple
  6343 | Temple   | Became a worshipper of Sif Muna the Loreminder
  6704 | D:8      | Found a basalt altar of Yredelemnul.
  7038 | D:8      | Found a staircase to the Lair.
  7047 | D:8      | Killed an unseen horror
  7560 | D:9      | Got the Reference Book on Hot Wanderlust
  7567 | D:9      | Learned a level 5 spell: Fireball
  7612 | D:9      | Reached * piety under Sif Muna
  7792 | D:9      | Noticed Erolcha
  7795 | D:9      | Reached XP level 11. HP: 38/64 MP: 16/24
  7809 | D:9      | Noticed Grum
  7830 | D:9      | Killed Grum
  7831 | D:9      | Reached skill level 1 in Summonings
  7857 | D:9      | Killed Erolcha
  7858 | D:9      | Reached skill level 1 in Translocations
  7858 | D:9      | Reached skill level 1 in Air Magic
  7858 | D:9      | Reached skill level 1 in Invocations
  8177 | D:9      | Found an opulent altar of Gozag.
  8556 | D:2      | Bought a ring of fire for 325 gold pieces
  8673 | Lair:1   | Entered Level 1 of the Lair of Beasts
  8740 | Lair:1   | Reached skill level 10 in Spellcasting
  8747 | Lair:1   | Reached skill level 10 in Fire Magic
  9011 | Lair:1   | Noticed Nergalle
  9028 | Lair:1   | Killed Nergalle
  9028 | Lair:1   | Reached ** piety under Sif Muna
  9444 | Lair:2   | Found a transporter.
  9467 | Lair:2   | Noticed a catoblepas
  9479 | Lair:2   | Killed a catoblepas
  9507 | Lair:2   | Slain by a cane toad

Illustrated notes

Levels and vault maps discovered:
D:1:      saegor_arrival_simple_c, layout_basic,
          chequers_ecumenical_altar_simple_redux, minmay_lizard_pond
D:2:      layout_basic, serial_shops, shop, nicolae_shop_advertising_works
          [nicolae_subvault_shop_adworks], shop,
          nicolae_shop_temple_entry_statues_fountains, grunt_decor_clamped,
          minmay_misc_feat_square, uniq_jessica, uniq_crazy_yiuf_cottage
D:3:      layout_loops_cross, serial_shops, shop, kennysheep_donut,
          lightli_corner_chamber, uniq_sigmund
D:4:      layout_basic, trog_book, uniq_blork_the_orc, uniq_robin, uniq_grinder
D:5:      layout_rooms, uniq_duvessa, uniq_ijyb
D:6:      layout_basic, lemuel_round_altar, nicolae_uskayaw_dance_studio,
          uniq_maggie, uniq_menkaure, uniq_prince_ribbit1, uniq_edmund
D:7:      layout_gridville, mainiacjoe_overflow_large_starburst,
          minmay_temple_entry_offerings, serial_glass, glass_columns_b,
          glass_columns_a
D:8:      layout_loops_corners, mainiacjoe_overflow_surrounded_room,
          erik_lair_island
D:9:      layout_basic, grunt_gozag_breadcrumbs, enter_bailey_2,
          minmay_diced_spiral, uniq_erolcha, uniq_grum
Temple:   jpeg_temple_clearing
Lair:1:   layout_chaotic_city, chequers_serial_rivers_micro_d,
          chequers_serial_rivers_micro_c, minivault_23, uniq_nergalle
Lair:2:   layout_chaotic_city, gammafunk_ghost_abyssal_escape, uniq_fannar

Skill      XL: |  1  2  3  4  5  6  7  8  9 10 11 |
---------------+----------------------------------+-----
Stealth        | 3 4 5 |  5.3
Short Blades   | 1 |  1.1
Dodging        | 3 |  3.6
Spellcasting   | 3 4 5 7 9 10 | 10.3
Conjurations   | 2 4 5 6 7 |  7.7
Fire Magic     | 4 5 6 8 9 10 | 10.4
Polearms       | 1 2 |  2.7
Fighting       | 1 |  1.8
Hexes          | 1 2 |  2.5
Summonings     | 2 |  2.3
Translocations | 2 |  2.4
Air Magic      | 3 |  3.0
Invocations    | 1 |  1.8
Staves         | |  0.8
Unarmed Combat | |  0.5

Action                   |  1- 3 |  4- 6 |  7- 9 | 10-12 || total
-------------------------+-------+-------+-------+-------++-------
Melee: Unarmed           |     3 |       |       |       ||     3
       Short sword       |    24 |       |       |       ||    24
       Constrict         |     5 |     2 |     1 |     2 ||    10
       Tentacles         |     5 |     1 |       |       ||     6
       Quarterstaff      |       |     7 |       |       ||     7
       Halberd           |       |     5 |    12 |     5 ||    22
 Cast: Foxfire           |    59 |    59 |   206 |   198 ||   522
       Scorch            |     2 |    11 |    55 |    43 ||   111
       Inner Flame       |       |     1 |     8 |    18 ||    27
       Flame Wave        |       |       |     4 |    10 ||    14
       Kindle Blastspark |       |       |     2 |     1 ||     3
       Summon Guardian G |       |       |     1 |    12 ||    13
       Fireball          |       |       |       |     9 ||     9
  Use: Scroll            |       |       |     8 |     9 ||    17
       Potion            |       |       |     1 |       ||     1
 Stab: Sleeping          |     6 |     2 |     1 |     1 ||    10
Armor: Skin              |       |     3 |     2 |     1 ||     6
Dodge: Dodged            |    18 |    16 |    44 |    63 ||   141

Table legend: (Time is in decaauts)
 A = Elapsed time spent in this place.
 B = Non-inter-level travel time spent in this place.
 C = Inter-level travel time spent in this place.
 D = Time resting spent in this place.
 E = Time spent auto-exploring this place.
 F = Levels seen in this place.
 G = Mean time per level.
                   A        B        C        D        E       F      G
               +--------+--------+--------+--------+--------+-----+--------+
         Total |   9517 |   9078 |    439 |    234 |   5808 |  12 |  793.1 |
       Dungeon |   8591 |   8170 |    421 |    227 |   5201 |   9 |  954.6 |
        Temple |     91 |     74 |     17 |      0 |     41 |   1 |   91.0 |
          Lair |    834 |    834 |      0 |      7 |    566 |   2 |  417.0 |
               +--------+--------+--------+--------+--------+-----+--------+

Top non-repeatable levels by time:
     D:1: 1528 daAuts
     D:8: 1182 daAuts
     D:5: 1077 daAuts
     D:4: 990 daAuts
     D:9: 905 daAuts
     D:6: 822 daAuts
  Lair:1: 770 daAuts
     D:3: 707 daAuts
     D:7: 692 daAuts
     D:2: 685 daAuts
  Temple: 91 daAuts
  Lair:2: 63 daAuts
